 Dungeon Crawl Stone Soup version 0.29-a0-1043-g569b05d6ff (webtiles) character file.

Game seed: 15567465435641841133

1200 jlumianski the Chopper (level 8, -3/59 (60) HPs)
             Began as a Demonspawn Gladiator on Aug 15, 2022.
             Was a Follower of Okawaru.
             Slain by an orc warrior
             ... wielding a +1 trident of flaming
              (11 damage)
             ... on level 6 of the Dungeon.
             The game lasted 00:17:54 (5473 turns).

jlumianski the Chopper (Demonspawn Gladiator)       Turns: 5473, Time: 00:17:55

HP:   -3/59 (60)    AC: 12    Str: 23    XL:     8   Next: 21%
MP:   7/8           EV: 12    Int: 14    God:    Okawaru [*.....]
Gold: 304           SH:  0    Dex: 14    Spells: 7/7 levels left

rFire   + . .      SeeInvis .   a - +1 war axe
rCold   . . .      Faith    .   (no shield)
rNeg    . . .      Spirit   .   l - +0 chain mail
rPois   .          Reflect  .   c - +0 helmet
rElec   .          Harm     .   (no cloak)
rCorr   .          Rampage  .   (no gloves)
Will    .....                   (no boots)
Stlth   ..........              (no amulet)
HPRegen 0.19/turn               x - ring of protection from fire
MPRegen 0.11/turn               C - +6 ring of strength

@: heroic, lightly drained
A: hooves 2, ignite blood 1, big brain 2
a: Renounce Religion, Heroism


You were on level 6 of the Dungeon.
You worshipped Okawaru.
Okawaru was aware of your devotion.
You visited 2 branches of the dungeon, and saw 7 of its levels.
You also visited: Ossuary.

You collected 304 gold pieces.

Inventory:

Hand Weapons
 a - a +1 war axe (weapon)
 z - a +3 dire flail
Missiles
 d - 5 throwing nets
 e - a javelin
 g - 49 stones (quivered)
 A - 2 poisoned darts
Armour
 b - a +0 leather armour
 c - a +0 helmet (worn)
 l - a +0 chain mail (worn)
 m - the +3 leather armour "Depnal" {Rampage MP-9 Int+6}
   (You found it on level 2 of the Dungeon)

   Int:       It affects your intelligence (+6).
   MP:        It affects your magic capacity (-9).
   Rampage:   It bestows one free step when moving towards enemies.
Jewellery
 o - a ring of fire
 x - a ring of protection from fire (left hand)
 C - a +6 ring of strength (right hand)
Wands
 y - a wand of flame (19)
Scrolls
 k - a scroll of teleportation
 n - 2 scrolls of fear
 q - a scroll of vulnerability
 v - a scroll of blinking
 D - a scroll of summoning
Potions
 f - 5 potions of curing
 h - a potion of berserk rage
 i - a potion of degeneration
 j - 2 potions of ambrosia
 p - a potion of flight
 r - a potion of haste
 s - a potion of cancellation
 t - 2 potions of might
 u - 3 potions of attraction
 w - a potion of resistance
 B - a potion of magic


   Skills:
 + Level 4.1(9.1) Fighting
 + Level 7.1(12.1) Axes
 + Level 1.9(6.9) Throwing
 + Level 2.6(7.6) Armour
 + Level 4.3(9.3) Dodging
 + Level 1.1(6.1) Stealth
 * Level 1.3 Invocations
 * Level 0.9 Evocations


You had 7 spell levels left.
You didn't know any spells.
Your spell library was empty.

Dungeon Overview and Level Annotations

Branches:
Dungeon (6/15)             Temple (1/1) D:5         Ossuary (visited)

Altars:
Dithmenos
Gozag
Kikubaaqudgha
Makhleb
Nemelex Xobeh
Okawaru
Qazlal
Ru
Sif Muna
Uskayaw
Vehumet
Wu Jian
Xom
Yredelemnul


Innate Abilities, Weirdness & Mutations

You have hoof-like feet.
Your demonic aura sometimes causes spilled blood to erupt in flames.
You have an extremely huge brain. (Int +4)


Message History

The orc warrior barely misses you. The orc warrior barely misses you.
You slash the orc warrior!
You kick the orc warrior, but do no damage.
The orc warrior is moderately wounded.
The orc warrior hits you with a +1 trident of flaming.
You closely miss the orc warrior.
The orc warrior is moderately wounded.
The orc priest calls upon Beogh to heal the orc warrior.
The orc warrior is healed somewhat.
The orc warrior hits you with a +1 trident of flaming!
The orc warrior burns you.
You hit the orc warrior but do no damage.
You kick the orc warrior!
The orc warrior is moderately wounded.
You slash the orc warrior!
The orc warrior is almost dead.
The orc warrior closely misses you.
You barely miss the orc warrior. Your kick misses the orc warrior.
The orc warrior is almost dead.
The orc priest calls upon Beogh to heal the orc warrior.
The orc warrior is healed somewhat.
The orc warrior hits you but does no damage.
You closely miss the orc warrior.
You kick the orc warrior, but do no damage.
You punch the orc warrior.
The orc warrior is severely wounded.
The orc priest calls down the wrath of Beogh upon you.
Beogh smites you!
* * * LOW HITPOINT WARNING * * *
The orc warrior hits you but does no damage.
You barely miss the orc warrior. Your kick misses the orc warrior.
The orc warrior is severely wounded.
The orc warrior hits you with a +1 trident of flaming!
* * * LOW HITPOINT WARNING * * *
The orc warrior burns you.
* * * LOW HITPOINT WARNING * * *
You feel better.
The orc warrior hits you with a +1 trident of flaming!
You die...

#..... #.#
####..#####.#
#..)......#.#
###.#.###.#.#
#.......#.#.####
#####...#.#....# ...
#.##.....#.###. ...
###.##........... ..#
#..oo@..)..#.######.##
#.#.#####.#...... .).
#.#). #.#..#### #.# #
#.. #†#..######.##
#### #.#..#........
#.#..#.##....#
#.#.......#.##
#.#...........
#)#..####.#.##


You could see an orc warrior and an orc priest.

Vanquished Creatures
  A shadow (D:6)
  A wraith (Ossuary)
  A steam dragon (D:6)
  2 necrophages
  2 scorpions
  4 wights (D:6)
  3 hounds
  An iguana (D:5)
  An orc wizard (D:4)
  4 mummies
  4 adders
  6 dart slugs
  7 orcs
  3 bats
  5 endoplasms
  2 giant cockroaches
  5 goblins
  10 hobgoblins
  6 jackals (D:1)
  2 ball pythons (D:3)
  A frilled lizard (D:1)
  A gnoll zombie (Ossuary)
  3 hobgoblin zombies (Ossuary)
  4 kobolds
  3 kobold zombies (Ossuary)
  An orc zombie (Ossuary)
  3 rats
  A spectral orc (D:4)
87 creatures vanquished.

Vanquished Creatures (others)
  8 plants
8 creatures vanquished.

Grand Total: 95 creatures vanquished

Notes
Turn   | Place    | Note
-------+----------+-------------------------------------------
     0 | D:1      | jlumianski the Demonspawn Gladiator began the quest for the
                  | Orb.
     0 | D:1      | Reached XP level 1. HP: 16/16 MP: 1/1
   268 | D:1      | Reached skill level 3 in Axes
   282 | D:1      | Gained mutation: You have large cloven feet. [demonic
                  | ancestry]
   282 | D:1      | Reached XP level 2. HP: 22/22 MP: 2/2
   772 | D:2      | Gained mutation: You have hoof-like feet. [demonic
                  | ancestry]
   772 | D:2      | Reached XP level 3. HP: 27/28 MP: 3/3
   788 | D:2      | Identified the +3 leather armour "Depnal" {Rampage MP-9
                  | Int+6}
   883 | D:2      | Found a faded altar of an unknown god.
  1071 | D:2      | Reached skill level 1 in Armour
  1297 | D:3      | Noticed a scorpion
  1304 | D:3      | Killed a scorpion
  1305 | D:3      | Gained mutation: You have an unusually large brain. (Int
                  | +2) [demonic ancestry]
  1305 | D:3      | Reached XP level 4. HP: 33/34 MP: 0/4
  1471 | D:4      | Reached skill level 4 in Axes
  1490 | D:4      | Found a sand-covered staircase.
  1500 | D:4      | Gained mutation: Your demonic aura sometimes causes spilled
                  | blood to erupt in flames. [demonic ancestry]
  1500 | D:4      | Reached XP level 5. HP: 23/39 MP: 0/5
  1506 | Ossuary  | Entered an ossuary
  1506 | Ossuary  | Noticed a wraith
  1506 | Ossuary  | Noticed a wraith
  1506 | Ossuary  | Noticed a wraith
  1849 | Ossuary  | Noticed a wraith
  1866 | Ossuary  | Killed a wraith
  1867 | Ossuary  | Reached skill level 5 in Axes
  1867 | Ossuary  | Gained mutation: You have an extremely huge brain. (Int +4)
                  | [demonic ancestry]
  1867 | Ossuary  | Reached XP level 6. HP: 21/47 MP: 0/6
  3088 | D:4      | Found a basalt altar of Yredelemnul.
  3248 | D:4      | Found a shadowy altar of Dithmenos.
  3653 | D:5      | Entered Level 5 of the Dungeon
  3771 | D:5      | Found a shimmering blue altar of Sif Muna.
  3771 | D:5      | Found a sparkling altar of Nemelex Xobeh.
  3874 | D:5      | Found a staircase to the Ecumenical Temple.
  3892 | Temple   | Entered the Ecumenical Temple
  3928 | Temple   | Became a worshipper of Warmaster Okawaru
  3953 | D:5      | Reached XP level 7. HP: 48/52 MP: 0/7
  4656 | D:6      | Reached skill level 6 in Axes
  4695 | D:6      | Noticed a steam dragon
  4703 | D:6      | Killed a steam dragon
  4703 | D:6      | Reached * piety under Okawaru
  4704 | D:6      | Reached skill level 1 in Stealth
  4978 | D:6      | Noticed a shadow
  4991 | D:6      | Killed a shadow
  4992 | D:6      | Reached skill level 1 in Invocations
  5222 | D:6      | Reached XP level 8. HP: 42/60 MP: 0/8
  5228 | D:6      | Reached skill level 7 in Axes
  5472 | D:6      | HP: 2/59 [orc warrior/+1 trident of flaming (10)]
  5473 | D:6      | Slain by an orc warrior

Illustrated notes

Levels and vault maps discovered:
D:1:      dpeg_arrival_rooms_a, layout_basic
D:2:      layout_basic, shapermc_ecumenical_altar_acropolis,
          minmay_misc_feat_alley, minivault_14, guppyfry_early_lair_pool
D:3:      layout_basic, serial_bayou_lagoon_a, minivault_25,
          minmay_misc_feat_tiny
D:4:      layout_loops_corners, nicolae_dithmenos_the_darkroom,
          yredelemnul_forgotten_temple_becter, gup_ossuary_entry_pyramid
D:5:      layout_basic, elyvilon_altar_1, gammafunk_temple_overflow_pools,
          zin_academy, minmay_temple_entry_junction, hangedman_decor_slide_cut
D:6:      layout_basic, slow_altar_1
Temple:   nicolae_temple_bog_church

Skill      XL: |  1  2  3  4  5  6  7  8 |
---------------+-------------------------+-----
Axes           | 3 4 5 6 7 |  7.1
Dodging        | 3 4 |  4.3
Armour         | 1 2 |  2.6
Fighting       | 3 4 |  4.1
Stealth        | 1 |  1.1
Invocations    | 1 |  1.3
Throwing       | |  1.9
Evocations     | |  0.9

Action                   |  1- 3 |  4- 6 |  7- 9 || total
-------------------------+-------+-------+-------++-------
Melee: War axe           |    90 |   125 |    61 ||   276
       Kick              |    17 |    34 |    21 ||    72
       Punch             |       |     1 |     2 ||     3
Throw: Javelin           |       |     1 |       ||     1
       Stone             |       |     1 |       ||     1
Invok: Heroism           |       |       |     1 ||     1
  Use: Scroll            |       |    13 |     2 ||    15
       Potion            |       |     5 |     4 ||     9
 Stab: Sleeping          |       |     3 |       ||     3
Armor: Leather armour    |    26 |    40 |     4 ||    70
       Chain mail        |    25 |       |    10 ||    35
Dodge: Dodged            |    58 |    66 |    33 ||   157

Table legend: (Time is in decaauts)
 A = Elapsed time spent in this place.
 B = Non-inter-level travel time spent in this place.
 C = Inter-level travel time spent in this place.
 D = Time resting spent in this place.
 E = Time spent auto-exploring this place.
 F = Levels seen in this place.
 G = Mean time per level.
                   A        B        C        D        E       F      G
               +--------+--------+--------+--------+--------+-----+--------+
         Total |   5577 |   5450 |    127 |    610 |   2908 |   8 |  697.1 |
       Dungeon |   4710 |   4583 |    127 |    310 |   2828 |   6 |  785.0 |
        Temple |     45 |     45 |      0 |      0 |      0 |   1 |   45.0 |
       Ossuary |    821 |    821 |      0 |    300 |     80 |   1 |  821.0 |
               +--------+--------+--------+--------+--------+-----+--------+

Top non-repeatable levels by time:
     D:4: 1078 daAuts
     D:5: 932 daAuts
     D:6: 866 daAuts
 Ossuary: 821 daAuts
     D:1: 726 daAuts
     D:3: 554 daAuts
     D:2: 552 daAuts
  Temple: 45 daAuts
